 Dungeon Crawl Stone Soup version 0.18-a0-1551-g40744a8 (webtiles) character file.

21 namelastname112 the Skirmisher (level 2, -3/26 HPs)
             Began as a Draconian Abyssal Knight on Mar 11, 2016.
             Was a Follower of Lugonu.
             Slain by a gnoll
             ... wielding a +0 spear
              (9 damage)
             ... on level 1 of the Dungeon.
             The game lasted 00:01:13 (633 turns).

namelastname112 the Skirmisher (DrAK)                Turns: 633, Time: 00:01:13

Health: -3/26      AC:  4    Str: 10    XL:     2   Next: 65%
Magic:  3/3        EV: 12    Int: 12    God:    Lugonu [*.....]
Gold:   62         SH:  0    Dex: 10    Spells: 0 memorised, 1 level left

rFire  . . .     SeeInvis .     a - +1 hand axe
rCold  . . .     Gourm    .     (armour unavailable)
rNeg   . . .     Faith    .     (no shield)
rPois  .         Spirit   .     (helmet restricted)
rElec  .         Dismiss  .     (no cloak)
rCorr  .         Reflect  .     (no gloves)
SustAt .         Harm     .     (no boots)
MR     .....                    (no amulet)
Stlth  +.........               (no ring)
                                (no ring)

@: not resistant to hostile enchantments, very unstealthy
A: unfitting armour, weak 2, cold-blooded, AC +4
a: Depart the Abyss, Renounce Religion


You were on level 1 of the Dungeon.
You worshipped Lugonu.
Lugonu was aware of your devotion.
You were not hungry.

You visited 1 branch of the dungeon, and saw 2 of its levels.
You visited the Abyss 1 time.

You collected 62 gold pieces.

Inventory:

Hand Weapons
 a - a +1 hand axe (weapon)
Scrolls
 d - a scroll of blinking {unknown}
 e - a scroll of fog {unknown}
Potions
 c - a potion of heal wounds {unknown}
 f - a potion of ambrosia {unknown}
 g - 2 potions of might {unknown}
 h - a potion of curing {unknown}
Comestibles
 b - a bread ration


   Skills:
 + Level 3.5 Fighting
 * Level 2.5 Axes
 + Level 2.3 Dodging
 * Level 2.4 Invocations


You had one spell level left.
You didn't know any spells.

Dungeon Overview and Level Annotations

Branches:
Dungeon (2/15)

Altars:


Innate Abilities, Weirdness & Mutations

Your plain brown scales are hard (AC +4).
Your body does not fit into most forms of armour.
You are cold-blooded and may be slowed by cold attacks.
[You are very weak. (Str -4)]


Message History

A gnoll comes into view. It is wielding a spear.
The gnoll hits you from afar with a spear.
A goblin comes into view. It is wielding a club.
The gnoll shouts!
There is a stone staircase leading up here.
The goblin shouts!
The gnoll hits you with a spear!
The goblin wields a hunting sling.
The goblin shoots a stone.
The stone hits you but does no damage.
You climb upwards.
There is a stone staircase leading down here.
You hit the gnoll.
The gnoll is moderately wounded.
The gnoll hits you with a spear!
* * * LOW HITPOINT WARNING * * *
You are too injured to fight recklessly!
You are too injured to fight recklessly!
You slash the gnoll!
The gnoll is almost dead.
The gnoll hits you with a spear!
You die...

#.#...#.......######......#
#.#..#..#..##.# #†.#####
#.#.#..#...##.## #..#
#.#...#....#...#####..##
#....#..#....#........)#
#...#..#...#...#############
#.#...#....##.## ###..(.....
#.#..#..#.....####....######
#.#.#..#...@.....#...(......
#.#......#g...#.##..........
#...........#.#..#.8).######
#######.###...####....#kDhha
#........# #.8..######
#.......#####...†...†..
#.####..# #.###.8......
##.####..###.# ####.8.8.
#.....)....(.########.##


You could see a gnoll.

Vanquished Creatures
  A dart slug (D:1)
  A giant gecko (D:1)
  7 bats (D:1)
  2 giant cockroaches (D:1)
  A hobgoblin (D:1)
  2 giant newts (D:1)
  3 kobolds (D:1)
  4 rats (D:1)
21 creatures vanquished.

Notes
Turn   | Place    | Note
--------------------------------------------------------------
     0 | Abyss:1  | namelastname112 the Draconian Abyssal Knight began the quest for the Orb.
     0 | Abyss:1  | Reached XP level 1. HP: 19/19 MP: 2/2
    31 | Abyss:1  | Noticed a wretched star
    33 | D:1      | Escaped the Abyss
    40 | D:1      | Noticed a lindwurm
    40 | D:1      | Noticed a wolf
    40 | D:1      | Noticed a black bear
    40 | D:1      | Noticed a worker ant
    40 | D:1      | Noticed a seven-headed hydra
   150 | D:1      | Reached XP level 2. HP: 26/26 MP: 3/3
   381 | D:1      | Reached * piety under Lugonu
   633 | D:1      | Slain by a gnoll

Vault maps used:
D:1:      onia_arrival_zoo_common, minmay_misc_feat_diagonals
D:2:      lemuel_round_altar, minivault_14

Action                   || total
-------------------------++-------
Melee: Hand axe          ||    66
Invok: Depart the Abyss  ||     1
